2827 views
Uploaded 2020-02-02 15:07:57
Game version 1.32 / 1.32.1
29:19 long 4on4 ladder game on (8)GoldRush
Saved by BEARAND
2827 views
Uploaded 2020-02-02 15:07:57
Game version 1.32 / 1.32.1
29:19 long 4on4 ladder game on (8)GoldRush


241 units @ 34.3k
/ 4.2k
78 buildings @ 13.1k
/ 6.2k



| Wisp | 26 | 1560 | / | 0 |
| Archer | 22 | 2860 | / | 220 |
| Hippogryph | 13 | 2080 | / | 260 |
| Druid of the Talon | 16 | 2320 | / | 320 |
| Huntress | 1 | 195 | / | 20 |
| total: | 78 | 9015g | / | 820w |
| Ancient Protector | 6 | 810 | / | 480 |
| Altar of Elders | 1 | 180 | / | 50 |
| Moon Well | 8 | 1440 | / | 320 |
| Ancient of War | 1 | 150 | / | 60 |
| Hunter's Hall | 1 | 210 | / | 100 |
| Tree of Life | 2 | 680 | / | 370 |
| Ancient of Wind | 2 | 300 | / | 280 |
| Tree of Ages | 1 | 320 | / | 180 |
| Tree of Eternity | 1 | 330 | / | 200 |
| total: | 21 | 3770g | / | 1660w |
| 0:02 | Altar of Elders |
| 0:03 | Wisp |
| 0:03 | Wisp |
| 0:04 | Wisp |
| 0:20 | Moon Well |
| 0:22 | Wisp |
| 0:48 | Ancient of War |
| 0:51 | Wisp |
| 1:01 | Wisp |
| 1:14 | Wisp |
| 1:24 | Moon Well |
| 1:27 | Wisp |
| 1:49 | Archer |
| 1:55 | Wisp |
| 1:57 | Archer |
| 2:01 | Wisp |
| 2:09 | Evasion |
| 2:16 | Archer |
| 2:28 | Archer |
| 2:41 | Moon Well |
| 2:45 | Archer |
| 3:09 | Archer |
| 3:26 | Archer |
| 3:34 | Immolation |
| 3:41 | Tree of Ages |
| 4:01 | Hunter's Hall |
| 4:17 | Archer |
| 5:00 | Tree of Life |
| 5:10 | Moon Well |
| 5:13 | Strength of the Moon |
| 5:21 | Ultravision |
| 5:47 | Evasion |
| 6:10 | Moon Well |
| 6:16 | Tree of Eternity |
| 6:23 | Improved Bows |
| 7:31 | Moon Well |
| 7:33 | Improved Strength of the Moon |
| 7:43 | Wisp |
| 7:43 | Wisp |
| 7:43 | Wisp |
| 7:43 | Wisp |
| 7:44 | Wisp |
| 8:24 | Wisp |
| 8:24 | Wisp |
| 8:30 | Ancient of Wind |
| 8:35 | Ancient of Wind |
| 8:46 | Trueshot Aura |
| 9:11 | Immolation |
| 9:18 | Archer |
| 9:19 | Marksmanship |
| 9:22 | Moon Armor |
| 9:45 | Hippogryph |
| 9:45 | Hippogryph |
| 9:48 | Archer |
| 10:29 | Archer |
| 10:34 | Archer |
| 10:35 | Hippogryph |
| 10:36 | Hippogryph |
| 10:41 | Ancient Protector |
| 10:42 | Wisp |
| 10:42 | Wisp |
| 10:45 | Archer |
| 10:47 | Improved Moon Armor |
| 10:59 | Archer |
| 11:03 | Ancient Protector |
| 11:07 | Hippogryph |
| 11:20 | Moon Well |
| 11:37 | Archer |
| 11:38 | Hippogryph |
| 11:38 | Hippogryph |
| 11:59 | Searing Arrows |
| 12:05 | Archer |
| 12:06 | Hippogryph |
| 12:07 | Hippogryph |
| 12:17 | Wisp |
| 12:17 | Wisp |
| 12:47 | Moon Well |
| 12:48 | Wisp |
| 12:48 | Wisp |
| 12:55 | Archer |
| 12:55 | Archer |
| 13:36 | Thorns Aura |
| 14:20 | Wisp |
| 14:20 | Wisp |
| 14:21 | Wisp |
| 14:32 | Advanced Strength of the Moon |
| 14:33 | Advanced Moon Armor |
| 15:14 | Archer |
| 15:23 | Archer |
| 15:23 | Hippogryph |
| 15:24 | Hippogryph |
| 15:38 | Archer |
| 15:42 | Archer |
| 16:05 | Hippogryph |
| 16:06 | Hippogryph |
| 17:32 | Trueshot Aura |
| 19:01 | Tree of Life |
| 19:04 | Ancient Protector |
| 20:06 | Ancient Protector |
| 20:22 | Ancient Protector |
| 20:24 | Ancient Protector |
| 21:07 | Druid of the Talon |
| 21:09 | Druid of the Talon Adept Training |
| 21:38 | Druid of the Talon |
| 21:40 | Druid of the Talon |
| 21:40 | Druid of the Talon |
| 21:40 | Druid of the Talon |
| 21:41 | Druid of the Talon |
| 21:42 | Druid of the Talon |
| 21:43 | Druid of the Talon |
| 21:43 | Druid of the Talon |
| 22:15 | Druid of the Talon Master Training |
| 22:27 | Druid of the Talon |
| 22:27 | Druid of the Talon |
| 22:28 | Druid of the Talon |
| 22:28 | Druid of the Talon |
| 23:23 | Druid of the Talon |
| 23:24 | Druid of the Talon |
| 23:27 | Huntress |
| 26:08 | Mark of the Talon |
| 26:09 | Druid of the Talon |
| Select group | 1134 |
| Right click | 246 |
| Select | 214 |
| Misc. action | 202 |
| Build/train/purchase | 124 |
| Assign group | 71 |
| Use ability | 12 |
| Esc | 9 |
| Remove unit | 1 |

| Healing Salve | 3 | 300 |
| Lesser Clarity Potion | 1 | 70 |
| Potion of Healing | 1 | 150 |
| Orb of Lightning | 1 | 375 |
| total: | 6 | 895g |
| Peon | 30 | 2250 | / | 0 |
| Grunt | 15 | 3000 | / | 0 |
| Troll Headhunter | 14 | 1960 | / | 280 |
| Troll Batrider | 6 | 960 | / | 240 |
| Demolisher | 3 | 660 | / | 150 |
| Wind Rider | 3 | 795 | / | 120 |
| total: | 71 | 9625g | / | 790w |
| Watch Tower | 7 | 770 | / | 560 |
| Orc Burrow | 8 | 1280 | / | 320 |
| Altar of Storms | 1 | 180 | / | 50 |
| Barracks | 1 | 180 | / | 50 |
| War Mill | 1 | 205 | / | 0 |
| Voodoo Lounge | 1 | 130 | / | 30 |
| Great Hall | 2 | 770 | / | 370 |
| Beastiary | 3 | 435 | / | 420 |
| Stronghold | 1 | 315 | / | 190 |
| Fortress | 1 | 325 | / | 190 |
| total: | 24 | 3950g | / | 1800w |
| 0:04 | Peon |
| 0:04 | Peon |
| 0:04 | Peon |
| 0:04 | Peon |
| 0:04 | Peon |
| 0:04 | Peon |
| 0:26 | Orc Burrow |
| 0:38 | Altar of Storms |
| 0:55 | Barracks |
| 1:16 | War Mill |
| 1:51 | Orc Burrow |
| 2:10 | Voodoo Lounge |
| 2:21 | Peon |
| 2:22 | Peon |
| 2:22 | Peon |
| 2:22 | Peon |
| 2:22 | Peon |
| 2:37 | Grunt |
| 2:42 | Wind Walk |
| 2:47 | Grunt |
| 2:51 | Orc Burrow |
| 3:18 | Grunt |
| 3:23 | Watch Tower |
| 3:36 | Watch Tower |
| 3:51 | Troll Headhunter |
| 3:58 | Healing Salve |
| 5:40 | Orc Burrow |
| 5:43 | Watch Tower |
| 5:45 | Troll Headhunter |
| 5:45 | Troll Headhunter |
| 5:45 | Troll Headhunter |
| 5:46 | Troll Headhunter |
| 6:03 | Steel Ranged Weapons |
| 6:15 | Lesser Clarity Potion |
| 6:26 | Stronghold |
| 6:45 | Orc Burrow |
| 7:23 | Watch Tower |
| 7:37 | Watch Tower |
| 7:59 | Great Hall |
| 8:37 | Critical Strike |
| 9:02 | Watch Tower |
| 9:04 | Troll Headhunter |
| 9:05 | Grunt |
| 9:05 | Grunt |
| 9:08 | Orc Burrow |
| 9:44 | Healing Salve |
| 9:45 | Potion of Healing |
| 10:14 | Beastiary |
| 10:16 | Beastiary |
| 10:21 | Beastiary |
| 11:08 | Thorium Ranged Weapons |
| 11:13 | Troll Headhunter |
| 11:13 | Troll Headhunter |
| 11:13 | Troll Headhunter |
| 11:14 | Troll Headhunter |
| 11:14 | Troll Headhunter |
| 11:46 | Critical Strike |
| 11:58 | Fortress |
| 12:00 | Troll Batrider |
| 12:07 | Peon |
| 12:07 | Peon |
| 12:10 | Peon |
| 13:20 | Troll Batrider |
| 13:22 | Troll Batrider |
| 13:27 | Troll Headhunter |
| 13:27 | Troll Headhunter |
| 13:28 | Troll Headhunter |
| 13:32 | Spiked Barricades |
| 13:52 | Mirror Image |
| 14:41 | Liquid Fire |
| 14:42 | Troll Batrider |
| 15:23 | Troll Batrider |
| 15:37 | Orc Burrow |
| 15:45 | Orc Burrow |
| 16:03 | Berserker Upgrade |
| 16:58 | Troll Batrider |
| 17:20 | Watch Tower |
| 17:31 | Berserker Strength |
| 17:32 | Grunt |
| 17:32 | Grunt |
| 17:34 | Grunt |
| 18:06 | Great Hall |
| 18:52 | Burning Oil |
| 19:55 | Peon |
| 19:55 | Peon |
| 19:55 | Peon |
| 20:03 | Demolisher |
| 20:03 | Demolisher |
| 20:06 | Demolisher |
| 21:02 | Orb of Lightning |
| 21:44 | Peon |
| 21:44 | Peon |
| 21:44 | Peon |
| 21:44 | Peon |
| 21:48 | Peon |
| 21:56 | Peon |
| 21:57 | Peon |
| 21:57 | Peon |
| 22:58 | Critical Strike |
| 23:15 | Healing Salve |
| 24:33 | Grunt |
| 24:33 | Grunt |
| 24:33 | Grunt |
| 24:33 | Grunt |
| 24:33 | Grunt |
| 24:33 | Grunt |
| 24:33 | Grunt |
| 25:50 | Wind Rider |
| 25:52 | Wind Rider |
| 26:20 | Peon |
| 26:20 | Peon |
| 26:21 | Peon |
| 26:21 | Peon |
| 26:21 | Peon |
| 27:12 | Wind Rider |
| 27:14 | Envenomed Spears |
| Right click | 741 |
| Select | 341 |
| Chat | 233 |
| Build/train/purchase | 108 |
| Use ability | 11 |
| Remove unit | 2 |
| Esc | 2 |
| Item give/drop | 1 |

| Rod of Necromancy | 1 | 150 |
| Scroll of Town Portal | 1 | 350 |
| total: | 2 | 500g |
| Acolyte | 7 | 525 | / | 0 |
| Ghoul | 10 | 1200 | / | 0 |
| Necromancer | 13 | 1885 | / | 260 |
| Meat Wagon | 9 | 2070 | / | 450 |
| Obsidian Statue | 4 | 800 | / | 140 |
| Frost Wyrm | 5 | 1925 | / | 600 |
| total: | 48 | 8405g | / | 1450w |
| Nerubian Tower | 2 | 200 | / | 40 |
| Altar of Darkness | 1 | 180 | / | 50 |
| Ziggurat | 6 | 900 | / | 300 |
| Crypt | 1 | 200 | / | 50 |
| Tomb of Relics | 1 | 130 | / | 30 |
| Graveyard | 1 | 215 | / | 0 |
| Necropolis | 1 | 225 | / | 0 |
| Temple of the Damned | 1 | 155 | / | 140 |
| Slaughterhouse | 1 | 140 | / | 135 |
| Sacrificial Pit | 1 | 75 | / | 150 |
| Boneyard | 3 | 525 | / | 600 |
| Halls of the Dead | 2 | 640 | / | 420 |
| Black Citadel | 1 | 325 | / | 230 |
| total: | 17 | 2745g | / | 1455w |
| 0:05 | Acolyte |
| 0:06 | Acolyte |
| 0:11 | Altar of Darkness |
| 0:18 | Ziggurat |
| 0:21 | Ziggurat |
| 0:38 | Crypt |
| 0:53 | Tomb of Relics |
| 1:14 | Graveyard |
| 1:28 | Nerubian Tower |
| 1:39 | Ziggurat |
| 1:50 | Ghoul |
| 1:50 | Ghoul |
| 2:03 | Ghoul |
| 2:03 | Ghoul |
| 2:03 | Ghoul |
| 2:22 | Rod of Necromancy |
| 2:31 | Death Coil |
| 2:49 | Ghoul |
| 2:49 | Ghoul |
| 3:12 | Halls of the Dead |
| 4:12 | Ghoul |
| 4:12 | Ghoul |
| 4:13 | Ghoul |
| 5:54 | Nerubian Tower |
| 5:57 | Ziggurat |
| 6:04 | Temple of the Damned |
| 6:11 | Slaughterhouse |
| 7:07 | Necromancer Adept Training |
| 7:08 | Necromancer |
| 7:08 | Necromancer |
| 7:10 | Skeletal Mastery |
| 7:11 | Necromancer |
| 7:11 | Necromancer |
| 7:11 | Necromancer |
| 7:19 | Meat Wagon |
| 7:20 | Exhume Corpses |
| 7:21 | Meat Wagon |
| 7:28 | Ziggurat |
| 7:56 | Acolyte |
| 9:29 | Unholy Aura |
| 9:44 | Necropolis |
| 10:09 | Obsidian Statue |
| 10:09 | Obsidian Statue |
| 10:11 | Obsidian Statue |
| 10:21 | Necromancer |
| 10:21 | Necromancer |
| 10:21 | Necromancer |
| 10:22 | Necromancer Master Training |
| 11:49 | Necromancer |
| 11:49 | Necromancer |
| 11:49 | Necromancer |
| 12:05 | Acolyte |
| 12:05 | Acolyte |
| 12:05 | Acolyte |
| 12:05 | Acolyte |
| 12:33 | Meat Wagon |
| 12:33 | Meat Wagon |
| 12:37 | Necromancer |
| 12:37 | Necromancer |
| 12:57 | Obsidian Statue |
| 13:10 | Black Citadel |
| 13:12 | Unholy Strength |
| 13:12 | Unholy Armor |
| 13:37 | Scroll of Town Portal |
| 14:25 | Ziggurat |
| 17:26 | Meat Wagon |
| 17:26 | Meat Wagon |
| 17:26 | Meat Wagon |
| 17:26 | Meat Wagon |
| 17:27 | Meat Wagon |
| 17:36 | Sacrificial Pit |
| 19:26 | Boneyard |
| 19:29 | Boneyard |
| 19:31 | Boneyard |
| 20:46 | Freezing Breath |
| 20:47 | Frost Wyrm |
| 20:49 | Frost Wyrm |
| 22:18 | Frost Wyrm |
| 22:19 | Frost Wyrm |
| 24:24 | Frost Wyrm |
| Right click | 1028 |
| Select group | 307 |
| Select | 276 |
| Build/train/purchase | 108 |
| Chat | 26 |
| Assign group | 23 |
| Use ability | 15 |
| Remove unit | 13 |
| Minimap ping | 6 |
| Esc | 1 |

| Circlet of Nobility | 1 | 175 |
| Periapt of Vitality | 1 | 325 |
| Boots of Speed | 1 | 250 |
| total: | 3 | 750g |
| Acolyte | 11 | 825 | / | 0 |
| Ghoul | 6 | 720 | / | 0 |
| Crypt Fiend | 16 | 3440 | / | 640 |
| Necromancer | 5 | 725 | / | 100 |
| Abomination | 4 | 960 | / | 280 |
| Gargoyle | 1 | 175 | / | 30 |
| Frost Wyrm | 1 | 385 | / | 120 |
| total: | 44 | 7230g | / | 1170w |
| Nerubian Tower | 2 | 200 | / | 40 |
| Spirit Tower | 2 | 290 | / | 80 |
| Crypt | 3 | 600 | / | 150 |
| Altar of Darkness | 1 | 180 | / | 50 |
| Ziggurat | 6 | 900 | / | 300 |
| Graveyard | 1 | 215 | / | 0 |
| Sacrificial Pit | 1 | 75 | / | 150 |
| Temple of the Damned | 1 | 155 | / | 140 |
| Slaughterhouse | 1 | 140 | / | 135 |
| Boneyard | 2 | 350 | / | 400 |
| Halls of the Dead | 2 | 640 | / | 420 |
| Black Citadel | 1 | 325 | / | 230 |
| total: | 16 | 2615g | / | 1325w |
| 0:10 | Crypt |
| 0:14 | Altar of Darkness |
| 0:20 | Ziggurat |
| 0:29 | Acolyte |
| 1:15 | Ghoul |
| 1:15 | Ghoul |
| 1:43 | Ghoul |
| 2:10 | Ghoul |
| 2:11 | Ghoul |
| 2:11 | Ghoul |
| 2:22 | Vampiric Aura |
| 3:10 | Acolyte |
| 3:10 | Acolyte |
| 3:10 | Acolyte |
| 3:11 | Acolyte |
| 4:17 | Ziggurat |
| 5:08 | Sleep |
| 5:53 | Acolyte |
| 5:57 | Ziggurat |
| 5:59 | Nerubian Tower |
| 6:13 | Acolyte |
| 6:48 | Halls of the Dead |
| 6:54 | Acolyte |
| 6:54 | Acolyte |
| 6:54 | Acolyte |
| 6:54 | Acolyte |
| 7:14 | Graveyard |
| 7:26 | Nerubian Tower |
| 8:07 | Halls of the Dead |
| 8:22 | Ziggurat |
| 8:30 | Crypt |
| 8:41 | Unholy Strength |
| 8:41 | Unholy Armor |
| 8:45 | Creature Attack |
| 8:46 | Creature Carapace |
| 8:49 | Crypt Fiend |
| 8:49 | Crypt Fiend |
| 8:49 | Crypt Fiend |
| 8:49 | Crypt Fiend |
| 8:55 | Improved Unholy Strength |
| 9:30 | Improved Unholy Armor |
| 9:37 | Crypt |
| 9:43 | Spirit Tower |
| 9:54 | Crypt Fiend |
| 9:55 | Crypt Fiend |
| 10:11 | Ziggurat |
| 10:12 | Ziggurat |
| 11:16 | Crypt Fiend |
| 11:28 | Improved Creature Attack |
| 11:29 | Improved Creature Carapace |
| 11:34 | Advanced Unholy Strength |
| 11:34 | Advanced Unholy Armor |
| 12:19 | Spirit Tower |
| 12:47 | Black Citadel |
| 13:16 | Sacrificial Pit |
| 13:19 | Temple of the Damned |
| 14:33 | Necromancer Adept Training |
| 14:34 | Skeletal Mastery |
| 15:09 | Advanced Creature Attack |
| 15:34 | Circlet of Nobility |
| 15:39 | Periapt of Vitality |
| 15:39 | Boots of Speed |
| 15:53 | Necromancer Master Training |
| 15:59 | Boneyard |
| 16:20 | Crypt Fiend |
| 16:20 | Crypt Fiend |
| 16:20 | Crypt Fiend |
| 17:08 | Necromancer |
| 17:08 | Necromancer |
| 17:09 | Necromancer |
| 17:21 | Slaughterhouse |
| 17:27 | Burrow |
| 17:45 | Ghoul Frenzy |
| 19:16 | Crypt Fiend |
| 19:17 | Crypt Fiend |
| 19:54 | Crypt Fiend |
| 19:58 | Necromancer |
| 19:58 | Necromancer |
| 20:02 | Abomination |
| 20:02 | Abomination |
| 20:02 | Abomination |
| 21:34 | Disease Cloud |
| 21:47 | Boneyard |
| 23:13 | Gargoyle |
| 23:17 | Crypt Fiend |
| 23:17 | Crypt Fiend |
| 23:17 | Crypt Fiend |
| 24:24 | Frost Wyrm |
| 24:40 | Abomination |
| Right click | 547 |
| Select | 248 |
| Build/train/purchase | 84 |
| Select group | 75 |
| Assign group | 20 |
| Use ability | 11 |
| Remove unit | 5 |
| Misc. action | 4 |
| Esc | 2 |
128 units @ 10.9k
/ 0.6k
455 buildings @ 27k
/ 15.7k



| Staff of Sanctuary | 3 | 750 |
| Scroll of Town Portal | 1 | 350 |
| Boots of Speed | 3 | 750 |
| Staff of Teleportation | 3 | 450 |
| Periapt of Vitality | 2 | 650 |
| Circlet of Nobility | 1 | 175 |
| Healing Salve | 3 | 300 |
| Orb of Lightning | 2 | 750 |
| total: | 18 | 4175g |
| Peasant | 27 | 2025 | / | 0 |
| Priest | 1 | 135 | / | 10 |
| total: | 28 | 2160g | / | 10w |
| Scout Tower | 82 | 2460 | / | 1640 |
| Arcane Tower | 10 | 700 | / | 500 |
| Guard Tower | 38 | 2660 | / | 1900 |
| Altar of Kings | 1 | 180 | / | 50 |
| Farm | 4 | 320 | / | 80 |
| Lumber Mill | 2 | 240 | / | 0 |
| Town Hall | 4 | 1540 | / | 820 |
| Arcane Vault | 4 | 520 | / | 120 |
| Blacksmith | 1 | 140 | / | 60 |
| Barracks | 1 | 160 | / | 60 |
| Arcane Sanctum | 1 | 150 | / | 140 |
| Gryphon Aviary | 1 | 140 | / | 150 |
| Keep | 1 | 320 | / | 210 |
| Castle | 1 | 360 | / | 210 |
| total: | 101 | 5850g | / | 3120w |
| 0:02 | Peasant |
| 0:08 | Altar of Kings |
| 0:15 | Peasant |
| 0:15 | Peasant |
| 0:18 | Farm |
| 0:23 | Peasant |
| 0:25 | Farm |
| 0:56 | Scout Tower |
| 1:01 | Peasant |
| 1:02 | Peasant |
| 1:06 | Lumber Mill |
| 1:09 | Peasant |
| 1:25 | Peasant |
| 1:32 | Peasant |
| 1:34 | Scout Tower |
| 1:35 | Arcane Tower |
| 1:46 | Peasant |
| 1:50 | Peasant |
| 1:57 | Scout Tower |
| 2:07 | Guard Tower |
| 2:08 | Blizzard |
| 2:11 | Peasant |
| 2:11 | Peasant |
| 2:54 | Peasant |
| 2:54 | Peasant |
| 2:58 | Guard Tower |
| 3:15 | Town Hall |
| 3:18 | Scout Tower |
| 3:38 | Peasant |
| 3:45 | Arcane Tower |
| 3:47 | Scout Tower |
| 3:47 | Scout Tower |
| 3:49 | Scout Tower |
| 3:50 | Scout Tower |
| 4:11 | Healing Salve |
| 4:15 | Guard Tower |
| 4:19 | Scout Tower |
| 4:20 | Scout Tower |
| 4:20 | Scout Tower |
| 4:21 | Scout Tower |
| 4:22 | Scout Tower |
| 4:22 | Scout Tower |
| 4:23 | Scout Tower |
| 5:03 | Lumber Mill |
| 5:13 | Brilliance Aura |
| 5:42 | Boots of Speed |
| 5:57 | Keep |
| 5:59 | Scout Tower |
| 6:02 | Scout Tower |
| 6:04 | Scout Tower |
| 6:09 | Guard Tower |
| 6:10 | Arcane Tower |
| 6:13 | Guard Tower |
| 6:14 | Peasant |
| 6:14 | Peasant |
| 6:14 | Peasant |
| 6:14 | Peasant |
| 6:15 | Peasant |
| 6:43 | Staff of Teleportation |
| 6:50 | Guard Tower |
| 7:01 | Guard Tower |
| 7:14 | Guard Tower |
| 7:42 | Farm |
| 7:42 | Farm |
| 7:44 | Improved Masonry |
| 7:47 | Guard Tower |
| 7:47 | Guard Tower |
| 7:52 | Scout Tower |
| 8:36 | Improved Lumber Harvesting |
| 8:37 | Peasant |
| 8:37 | Peasant |
| 8:40 | Arcane Sanctum |
| 9:14 | Guard Tower |
| 9:17 | Scout Tower |
| 9:18 | Scout Tower |
| 9:19 | Scout Tower |
| 9:19 | Scout Tower |
| 9:20 | Scout Tower |
| 9:20 | Scout Tower |
| 9:28 | Storm Bolt |
| 10:34 | Arcane Tower |
| 10:36 | Guard Tower |
| 10:37 | Castle |
| 10:38 | Advanced Masonry |
| 10:40 | Magic Sentry |
| 11:34 | Blizzard |
| 11:56 | Arcane Vault |
| 11:58 | Guard Tower |
| 12:11 | Arcane Vault |
| 12:12 | Arcane Vault |
| 12:14 | Arcane Vault |
| 12:20 | Town Hall |
| 12:22 | Scout Tower |
| 12:22 | Scout Tower |
| 12:23 | Scout Tower |
| 12:23 | Scout Tower |
| 12:24 | Scout Tower |
| 12:24 | Scout Tower |
| 12:24 | Scout Tower |
| 12:25 | Scout Tower |
| 12:25 | Scout Tower |
| 12:26 | Scout Tower |
| 12:26 | Scout Tower |
| 12:27 | Scout Tower |
| 12:27 | Scout Tower |
| 12:28 | Scout Tower |
| 12:28 | Scout Tower |
| 12:29 | Scout Tower |
| 12:35 | Guard Tower |
| 12:41 | Peasant |
| 12:41 | Peasant |
| 12:41 | Peasant |
| 12:41 | Peasant |
| 12:47 | Healing Salve |
| 12:49 | Orb of Lightning |
| 12:57 | Guard Tower |
| 13:06 | Guard Tower |
| 13:21 | Boots of Speed |
| 13:23 | Periapt of Vitality |
| 13:35 | Gryphon Aviary |
| 13:37 | Blacksmith |
| 13:40 | Barracks |
| 13:44 | Staff of Sanctuary |
| 14:04 | Scroll of Town Portal |
| 14:07 | Healing Salve |
| 14:14 | Advanced Lumber Harvesting |
| 14:14 | Imbued Masonry |
| 14:31 | Town Hall |
| 14:41 | Holy Light |
| 15:06 | Staff of Sanctuary |
| 15:24 | Scout Tower |
| 15:24 | Scout Tower |
| 15:24 | Scout Tower |
| 15:25 | Scout Tower |
| 15:25 | Scout Tower |
| 15:26 | Scout Tower |
| 15:26 | Scout Tower |
| 15:27 | Scout Tower |
| 15:27 | Scout Tower |
| 15:27 | Scout Tower |
| 15:28 | Scout Tower |
| 15:28 | Scout Tower |
| 15:29 | Scout Tower |
| 15:29 | Scout Tower |
| 15:30 | Scout Tower |
| 15:30 | Scout Tower |
| 15:30 | Scout Tower |
| 15:31 | Scout Tower |
| 15:57 | Priest |
| 15:57 | Priest Adept Training |
| 16:14 | Bash |
| 16:48 | Staff of Teleportation |
| 16:50 | Boots of Speed |
| 17:04 | Guard Tower |
| 17:05 | Guard Tower |
| 17:06 | Guard Tower |
| 18:01 | Orb of Lightning |
| 18:48 | Brilliance Aura |
| 19:37 | Divine Shield |
| 19:47 | Storm Bolt |
| 19:51 | Guard Tower |
| 20:15 | Animal War Training |
| 20:17 | Scout Tower |
| 20:18 | Scout Tower |
| 20:18 | Scout Tower |
| 20:18 | Scout Tower |
| 20:19 | Scout Tower |
| 20:19 | Scout Tower |
| 21:10 | Town Hall |
| 21:13 | Scout Tower |
| 21:13 | Scout Tower |
| 21:14 | Scout Tower |
| 21:14 | Scout Tower |
| 21:15 | Scout Tower |
| 21:15 | Scout Tower |
| 21:15 | Scout Tower |
| 21:16 | Scout Tower |
| 21:16 | Scout Tower |
| 21:17 | Scout Tower |
| 21:18 | Scout Tower |
| 21:18 | Scout Tower |
| 21:19 | Scout Tower |
| 21:19 | Scout Tower |
| 21:20 | Scout Tower |
| 21:21 | Scout Tower |
| 21:21 | Scout Tower |
| 21:41 | Guard Tower |
| 21:44 | Staff of Teleportation |
| 21:49 | Periapt of Vitality |
| 21:49 | Circlet of Nobility |
| 22:03 | Staff of Sanctuary |
| 23:21 | Guard Tower |
| 23:22 | Guard Tower |
| 23:22 | Guard Tower |
| 24:15 | Holy Light |
| 24:46 | Guard Tower |
| 24:48 | Arcane Tower |
| 24:49 | Arcane Tower |
| 25:08 | Brilliance Aura |
| 25:38 | Bash |
| 26:08 | Guard Tower |
| 26:12 | Arcane Tower |
| 26:12 | Arcane Tower |
| 26:13 | Guard Tower |
| 26:13 | Guard Tower |
| 27:00 | Guard Tower |
| 28:37 | Divine Shield |
| Right click | 2500 |
| Select | 866 |
| Select group | 411 |
| Chat | 366 |
| Build/train/purchase | 165 |
| Use ability | 132 |
| Misc. action | 23 |
| Minimap ping | 15 |
| Assign group | 8 |
| Item give/drop | 4 |
| Remove unit | 2 |


| Healing Salve | 1 | 100 |
| Orb of Lightning | 2 | 750 |
| Boots of Speed | 2 | 500 |
| Staff of Teleportation | 2 | 300 |
| Staff of Sanctuary | 2 | 500 |
| total: | 9 | 2150g |
| Peon | 17 | 1275 | / | 0 |
| Troll Batrider | 14 | 2240 | / | 560 |
| total: | 31 | 3515g | / | 560w |
| Watch Tower | 23 | 2530 | / | 1840 |
| Altar of Storms | 1 | 180 | / | 50 |
| Orc Burrow | 3 | 480 | / | 120 |
| War Mill | 1 | 205 | / | 0 |
| Voodoo Lounge | 4 | 520 | / | 120 |
| Great Hall | 2 | 770 | / | 370 |
| Beastiary | 12 | 1740 | / | 1680 |
| Stronghold | 1 | 315 | / | 190 |
| Fortress | 1 | 325 | / | 190 |
| total: | 46 | 6425g | / | 4180w |
| 0:02 | Peon |
| 0:02 | Peon |
| 0:05 | Altar of Storms |
| 0:18 | Orc Burrow |
| 0:22 | Peon |
| 0:37 | Peon |
| 0:48 | War Mill |
| 0:51 | Peon |
| 1:06 | Voodoo Lounge |
| 1:13 | Peon |
| 1:25 | Peon |
| 1:39 | Peon |
| 1:49 | Orc Burrow |
| 1:52 | Peon |
| 2:04 | Watch Tower |
| 2:10 | Wind Walk |
| 2:14 | Healing Salve |
| 2:19 | Peon |
| 2:32 | Watch Tower |
| 2:44 | Peon |
| 2:46 | Peon |
| 2:59 | Peon |
| 3:23 | Watch Tower |
| 3:39 | Stronghold |
| 3:58 | Boots of Speed |
| 3:59 | Staff of Teleportation |
| 4:20 | Watch Tower |
| 4:23 | Watch Tower |
| 4:41 | Watch Tower |
| 5:00 | Spiked Barricades |
| 5:15 | Orc Burrow |
| 5:24 | Watch Tower |
| 5:31 | Watch Tower |
| 5:34 | Watch Tower |
| 6:08 | Great Hall |
| 6:10 | Watch Tower |
| 6:34 | Critical Strike |
| 6:55 | Reinforced Defenses |
| 7:01 | Watch Tower |
| 7:13 | Watch Tower |
| 7:39 | Hex |
| 7:46 | Beastiary |
| 7:53 | Watch Tower |
| 7:57 | Watch Tower |
| 8:01 | Beastiary |
| 8:41 | Watch Tower |
| 8:43 | Peon |
| 8:43 | Peon |
| 8:43 | Peon |
| 8:43 | Peon |
| 9:18 | Fortress |
| 9:20 | Beastiary |
| 9:45 | Watch Tower |
| 9:48 | Watch Tower |
| 10:02 | Watch Tower |
| 10:18 | Boots of Speed |
| 10:36 | Beastiary |
| 10:58 | Watch Tower |
| 11:12 | Wind Walk |
| 11:19 | Healing Wave |
| 11:40 | Watch Tower |
| 11:44 | Liquid Fire |
| 12:16 | Voodoo Lounge |
| 12:18 | Voodoo Lounge |
| 12:20 | Voodoo Lounge |
| 12:33 | Troll Batrider |
| 13:14 | Staff of Teleportation |
| 13:20 | Troll Batrider |
| 13:41 | Beastiary |
| 13:49 | Troll Batrider |
| 14:23 | Staff of Sanctuary |
| 14:32 | Steel Armor |
| 14:33 | Improved Spiked Barricades |
| 15:14 | Healing Wave |
| 15:20 | Troll Batrider |
| 15:32 | Orb of Lightning |
| 15:38 | Beastiary |
| 15:53 | Troll Batrider |
| 16:15 | Troll Batrider |
| 16:26 | Critical Strike |
| 17:21 | Watch Tower |
| 17:24 | Watch Tower |
| 17:28 | Watch Tower |
| 18:29 | Troll Batrider |
| 18:53 | Troll Batrider |
| 19:10 | Thorium Armor |
| 19:45 | Beastiary |
| 19:50 | Beastiary |
| 19:53 | Beastiary |
| 20:03 | Hex |
| 20:10 | Troll Batrider |
| 20:12 | Troll Batrider |
| 20:28 | Steel Ranged Weapons |
| 21:08 | Great Hall |
| 21:33 | Orb of Lightning |
| 21:36 | Staff of Sanctuary |
| 21:53 | Beastiary |
| 21:56 | Beastiary |
| 22:08 | Beastiary |
| 22:32 | Troll Batrider |
| 22:36 | Wind Walk |
| 23:37 | Troll Batrider |
| 23:44 | Healing Wave |
| 24:48 | Troll Batrider |
| 24:53 | Arcanite Armor |
| 24:54 | Thorium Ranged Weapons |
| 26:12 | Bladestorm |
| 26:16 | Troll Batrider |
| 27:39 | Arcanite Ranged Weapons |
| 29:20 | Big Bad Voodoo |
| Right click | 1365 |
| Select group | 663 |
| Select | 552 |
| Misc. action | 198 |
| Use ability | 110 |
| Build/train/purchase | 85 |
| Assign group | 21 |
| Item give/drop | 4 |
| Minimap ping | 1 |



| Staff of Sanctuary | 2 | 500 |
| Orb of Fire | 1 | 325 |
| Staff of Teleportation | 2 | 300 |
| Boots of Speed | 2 | 500 |
| Periapt of Vitality | 1 | 325 |
| total: | 8 | 1950g |
| Peasant | 34 | 2550 | / | 0 |
| total: | 34 | 2550g | / | 0w |
| Scout Tower | 219 | 6570 | / | 4380 |
| Guard Tower | 72 | 5040 | / | 3600 |
| Arcane Tower | 2 | 140 | / | 100 |
| Altar of Kings | 1 | 180 | / | 50 |
| Farm | 5 | 400 | / | 100 |
| Lumber Mill | 1 | 120 | / | 0 |
| Town Hall | 4 | 1540 | / | 820 |
| Arcane Vault | 4 | 520 | / | 120 |
| Arcane Sanctum | 1 | 150 | / | 140 |
| Keep | 1 | 320 | / | 210 |
| Castle | 1 | 360 | / | 210 |
| total: | 235 | 9480g | / | 5610w |
| 0:01 | Peasant |
| 0:05 | Altar of Kings |
| 0:11 | Peasant |
| 0:18 | Farm |
| 0:20 | Peasant |
| 0:35 | Lumber Mill |
| 0:37 | Peasant |
| 0:48 | Farm |
| 0:50 | Peasant |
| 1:02 | Scout Tower |
| 1:06 | Scout Tower |
| 1:12 | Peasant |
| 1:23 | Scout Tower |
| 1:26 | Peasant |
| 1:37 | Peasant |
| 1:49 | Peasant |
| 1:55 | Guard Tower |
| 2:07 | Blizzard |
| 2:10 | Peasant |
| 2:12 | Guard Tower |
| 2:31 | Guard Tower |
| 2:41 | Peasant |
| 2:42 | Peasant |
| 2:58 | Peasant |
| 3:15 | Peasant |
| 3:23 | Scout Tower |
| 3:24 | Scout Tower |
| 3:28 | Scout Tower |
| 3:30 | Scout Tower |
| 3:30 | Scout Tower |
| 3:40 | Scout Tower |
| 3:52 | Scout Tower |
| 3:52 | Scout Tower |
| 3:53 | Guard Tower |
| 3:54 | Guard Tower |
| 3:58 | Town Hall |
| 4:04 | Guard Tower |
| 4:17 | Farm |
| 4:22 | Guard Tower |
| 4:27 | Guard Tower |
| 4:45 | Guard Tower |
| 4:56 | Peasant |
| 4:57 | Peasant |
| 5:08 | Peasant |
| 5:09 | Improved Masonry |
| 5:15 | Guard Tower |
| 5:22 | Peasant |
| 5:44 | Peasant |
| 5:45 | Peasant |
| 5:45 | Peasant |
| 5:50 | Scout Tower |
| 5:51 | Scout Tower |
| 5:52 | Scout Tower |
| 5:52 | Scout Tower |
| 5:54 | Scout Tower |
| 5:54 | Scout Tower |
| 5:55 | Scout Tower |
| 6:12 | Keep |
| 6:13 | Peasant |
| 6:13 | Peasant |
| 6:17 | Guard Tower |
| 6:27 | Peasant |
| 6:50 | Brilliance Aura |
| 6:59 | Scout Tower |
| 7:00 | Scout Tower |
| 7:00 | Scout Tower |
| 7:01 | Scout Tower |
| 7:02 | Scout Tower |
| 7:03 | Scout Tower |
| 7:03 | Scout Tower |
| 7:04 | Scout Tower |
| 7:08 | Guard Tower |
| 7:26 | Guard Tower |
| 7:28 | Peasant |
| 7:37 | Guard Tower |
| 7:38 | Scout Tower |
| 7:39 | Scout Tower |
| 7:54 | Guard Tower |
| 7:56 | Town Hall |
| 7:57 | Scout Tower |
| 7:59 | Scout Tower |
| 8:00 | Scout Tower |
| 8:01 | Scout Tower |
| 8:04 | Peasant |
| 8:05 | Peasant |
| 8:07 | Guard Tower |
| 8:25 | Guard Tower |
| 8:27 | Scout Tower |
| 8:28 | Scout Tower |
| 8:28 | Scout Tower |
| 8:29 | Scout Tower |
| 8:35 | Guard Tower |
| 8:48 | Farm |
| 8:59 | Castle |
| 9:04 | Farm |
| 9:06 | Guard Tower |
| 9:18 | Advanced Masonry |
| 9:18 | Improved Lumber Harvesting |
| 9:26 | Scout Tower |
| 9:26 | Scout Tower |
| 9:27 | Scout Tower |
| 9:35 | Guard Tower |
| 10:04 | Storm Bolt |
| 10:26 | Guard Tower |
| 10:29 | Guard Tower |
| 10:29 | Peasant |
| 10:30 | Peasant |
| 10:53 | Guard Tower |
| 10:54 | Scout Tower |
| 10:55 | Scout Tower |
| 10:55 | Scout Tower |
| 10:56 | Scout Tower |
| 11:06 | Scout Tower |
| 11:06 | Scout Tower |
| 11:22 | Scout Tower |
| 11:26 | Imbued Masonry |
| 11:28 | Guard Tower |
| 11:47 | Guard Tower |
| 11:54 | Guard Tower |
| 12:02 | Staff of Sanctuary |
| 12:05 | Guard Tower |
| 12:07 | Arcane Vault |
| 12:12 | Peasant |
| 12:12 | Peasant |
| 12:15 | Scout Tower |
| 12:15 | Scout Tower |
| 12:16 | Scout Tower |
| 12:17 | Scout Tower |
| 12:19 | Scout Tower |
| 12:20 | Scout Tower |
| 12:20 | Scout Tower |
| 12:21 | Scout Tower |
| 12:26 | Scout Tower |
| 12:28 | Arcane Sanctum |
| 12:32 | Guard Tower |
| 12:35 | Peasant |
| 12:35 | Peasant |
| 12:41 | Advanced Lumber Harvesting |
| 12:46 | Guard Tower |
| 12:48 | Scout Tower |
| 12:48 | Scout Tower |
| 12:48 | Scout Tower |
| 12:49 | Scout Tower |
| 12:53 | Scout Tower |
| 12:54 | Scout Tower |
| 12:59 | Guard Tower |
| 13:00 | Scout Tower |
| 13:10 | Guard Tower |
| 13:16 | Guard Tower |
| 13:17 | Guard Tower |
| 13:24 | Guard Tower |
| 13:33 | Arcane Tower |
| 13:33 | Arcane Tower |
| 13:49 | Guard Tower |
| 13:52 | Scout Tower |
| 13:52 | Scout Tower |
| 13:53 | Scout Tower |
| 13:53 | Scout Tower |
| 13:53 | Scout Tower |
| 13:54 | Scout Tower |
| 13:55 | Guard Tower |
| 14:22 | Magic Sentry |
| 14:25 | Staff of Sanctuary |
| 14:26 | Orb of Fire |
| 14:36 | Holy Light |
| 14:42 | Guard Tower |
| 14:44 | Scout Tower |
| 14:44 | Scout Tower |
| 14:45 | Scout Tower |
| 14:45 | Scout Tower |
| 14:46 | Scout Tower |
| 14:46 | Scout Tower |
| 14:46 | Scout Tower |
| 14:47 | Scout Tower |
| 14:47 | Scout Tower |
| 14:48 | Scout Tower |
| 14:48 | Scout Tower |
| 14:49 | Scout Tower |
| 15:25 | Guard Tower |
| 15:26 | Guard Tower |
| 15:28 | Scout Tower |
| 15:28 | Scout Tower |
| 15:49 | Guard Tower |
| 15:50 | Scout Tower |
| 15:51 | Scout Tower |
| 15:51 | Scout Tower |
| 15:52 | Scout Tower |
| 15:52 | Scout Tower |
| 15:53 | Scout Tower |
| 15:53 | Scout Tower |
| 15:54 | Scout Tower |
| 15:54 | Scout Tower |
| 15:55 | Scout Tower |
| 16:14 | Blizzard |
| 16:31 | Guard Tower |
| 17:04 | Bash |
| 17:22 | Guard Tower |
| 17:24 | Scout Tower |
| 17:25 | Scout Tower |
| 17:25 | Scout Tower |
| 17:26 | Scout Tower |
| 17:26 | Scout Tower |
| 17:27 | Scout Tower |
| 17:27 | Scout Tower |
| 17:28 | Scout Tower |
| 17:29 | Scout Tower |
| 17:29 | Scout Tower |
| 17:30 | Scout Tower |
| 17:30 | Scout Tower |
| 17:31 | Guard Tower |
| 18:09 | Guard Tower |
| 18:27 | Guard Tower |
| 18:32 | Scout Tower |
| 18:33 | Scout Tower |
| 18:33 | Scout Tower |
| 18:34 | Scout Tower |
| 18:34 | Scout Tower |
| 18:37 | Divine Shield |
| 19:03 | Guard Tower |
| 19:09 | Scout Tower |
| 19:10 | Scout Tower |
| 19:10 | Scout Tower |
| 19:10 | Scout Tower |
| 19:11 | Scout Tower |
| 19:11 | Scout Tower |
| 19:43 | Guard Tower |
| 19:45 | Scout Tower |
| 19:46 | Scout Tower |
| 19:47 | Scout Tower |
| 19:47 | Scout Tower |
| 19:53 | Peasant |
| 20:05 | Guard Tower |
| 20:07 | Scout Tower |
| 20:08 | Scout Tower |
| 20:08 | Scout Tower |
| 20:08 | Scout Tower |
| 20:17 | Arcane Vault |
| 20:18 | Guard Tower |
| 20:20 | Arcane Vault |
| 20:21 | Scout Tower |
| 20:22 | Scout Tower |
| 21:01 | Scout Tower |
| 21:01 | Scout Tower |
| 21:01 | Scout Tower |
| 21:02 | Scout Tower |
| 21:41 | Guard Tower |
| 21:42 | Scout Tower |
| 21:43 | Scout Tower |
| 21:43 | Scout Tower |
| 21:43 | Scout Tower |
| 21:50 | Scout Tower |
| 21:50 | Scout Tower |
| 21:50 | Scout Tower |
| 21:51 | Scout Tower |
| 21:52 | Staff of Teleportation |
| 21:53 | Boots of Speed |
| 22:02 | Arcane Vault |
| 22:03 | Scout Tower |
| 22:03 | Scout Tower |
| 22:04 | Scout Tower |
| 22:21 | Boots of Speed |
| 22:22 | Periapt of Vitality |
| 22:34 | Guard Tower |
| 23:20 | Storm Bolt |
| 23:33 | Town Hall |
| 23:35 | Scout Tower |
| 23:36 | Scout Tower |
| 23:36 | Scout Tower |
| 23:36 | Scout Tower |
| 23:36 | Scout Tower |
| 23:37 | Scout Tower |
| 23:37 | Scout Tower |
| 23:37 | Scout Tower |
| 23:38 | Scout Tower |
| 23:38 | Scout Tower |
| 23:38 | Scout Tower |
| 23:38 | Scout Tower |
| 23:39 | Scout Tower |
| 23:39 | Scout Tower |
| 23:39 | Scout Tower |
| 23:39 | Scout Tower |
| 23:39 | Scout Tower |
| 23:40 | Scout Tower |
| 23:40 | Scout Tower |
| 23:41 | Scout Tower |
| 23:41 | Scout Tower |
| 23:42 | Scout Tower |
| 23:42 | Scout Tower |
| 23:43 | Scout Tower |
| 23:43 | Scout Tower |
| 23:44 | Scout Tower |
| 23:44 | Scout Tower |
| 24:00 | Holy Light |
| 24:06 | Guard Tower |
| 24:07 | Scout Tower |
| 24:07 | Scout Tower |
| 24:08 | Scout Tower |
| 24:08 | Scout Tower |
| 24:21 | Scout Tower |
| 24:21 | Scout Tower |
| 24:22 | Scout Tower |
| 24:23 | Scout Tower |
| 24:23 | Scout Tower |
| 24:27 | Scout Tower |
| 24:27 | Scout Tower |
| 24:28 | Scout Tower |
| 24:28 | Scout Tower |
| 24:28 | Scout Tower |
| 24:45 | Guard Tower |
| 24:55 | Scout Tower |
| 24:56 | Scout Tower |
| 24:56 | Scout Tower |
| 24:57 | Scout Tower |
| 24:58 | Scout Tower |
| 24:58 | Scout Tower |
| 24:59 | Scout Tower |
| 24:59 | Scout Tower |
| 25:00 | Scout Tower |
| 25:01 | Scout Tower |
| 25:01 | Scout Tower |
| 25:01 | Scout Tower |
| 25:02 | Scout Tower |
| 25:10 | Guard Tower |
| 25:11 | Guard Tower |
| 25:13 | Scout Tower |
| 25:14 | Scout Tower |
| 25:14 | Scout Tower |
| 25:15 | Scout Tower |
| 25:15 | Scout Tower |
| 25:20 | Guard Tower |
| 25:21 | Guard Tower |
| 25:25 | Scout Tower |
| 25:26 | Scout Tower |
| 25:26 | Scout Tower |
| 25:26 | Scout Tower |
| 25:27 | Scout Tower |
| 25:27 | Scout Tower |
| 25:31 | Guard Tower |
| 25:36 | Scout Tower |
| 25:37 | Scout Tower |
| 25:39 | Scout Tower |
| 25:40 | Scout Tower |
| 25:46 | Guard Tower |
| 25:51 | Scout Tower |
| 25:52 | Scout Tower |
| 25:53 | Scout Tower |
| 25:58 | Scout Tower |
| 25:59 | Scout Tower |
| 25:59 | Scout Tower |
| 26:00 | Scout Tower |
| 26:03 | Brilliance Aura |
| 26:11 | Scout Tower |
| 26:11 | Scout Tower |
| 26:12 | Scout Tower |
| 26:14 | Bash |
| 26:19 | Town Hall |
| 26:29 | Guard Tower |
| 26:30 | Guard Tower |
| 26:42 | Guard Tower |
| 27:01 | Guard Tower |
| 27:24 | Staff of Teleportation |
| 27:47 | Divine Shield |
| 27:53 | Guard Tower |
| Right click | 1012 |
| Select | 885 |
| Select group | 357 |
| Build/train/purchase | 175 |
| Assign group | 123 |
| Use ability | 61 |
| Misc. action | 12 |
| Minimap ping | 8 |
| Item give/drop | 2 |
| Remove unit | 1 |



| Scroll of Regeneration | 3 | 300 |
| Orb of Fire | 1 | 325 |
| Staff of Sanctuary | 3 | 750 |
| Boots of Speed | 3 | 750 |
| Staff of Teleportation | 3 | 450 |
| Circlet of Nobility | 2 | 350 |
| Healing Salve | 1 | 100 |
| Orb of Lightning | 2 | 750 |
| total: | 18 | 3775g |
| Peasant | 34 | 2550 | / | 0 |
| Priest | 1 | 135 | / | 10 |
| total: | 35 | 2685g | / | 10w |
| Scout Tower | 57 | 1710 | / | 1140 |
| Arcane Tower | 5 | 350 | / | 250 |
| Guard Tower | 27 | 1890 | / | 1350 |
| Altar of Kings | 1 | 180 | / | 50 |
| Lumber Mill | 1 | 120 | / | 0 |
| Farm | 3 | 240 | / | 60 |
| Town Hall | 6 | 2310 | / | 1230 |
| Arcane Vault | 4 | 520 | / | 120 |
| Arcane Sanctum | 1 | 150 | / | 140 |
| Keep | 1 | 320 | / | 210 |
| Castle | 2 | 720 | / | 420 |
| total: | 73 | 5230g | / | 2740w |
| 0:01 | Peasant |
| 0:03 | Altar of Kings |
| 0:07 | Peasant |
| 0:15 | Lumber Mill |
| 0:18 | Farm |
| 0:19 | Peasant |
| 0:31 | Farm |
| 0:40 | Peasant |
| 0:54 | Peasant |
| 1:10 | Peasant |
| 1:18 | Scout Tower |
| 1:22 | Peasant |
| 1:24 | Improved Masonry |
| 1:36 | Scout Tower |
| 1:46 | Scout Tower |
| 1:47 | Peasant |
| 1:47 | Peasant |
| 1:55 | Arcane Tower |
| 1:59 | Peasant |
| 2:02 | Blizzard |
| 2:08 | Arcane Tower |
| 2:15 | Scout Tower |
| 2:20 | Peasant |
| 2:45 | Scout Tower |
| 2:46 | Guard Tower |
| 2:58 | Peasant |
| 2:58 | Peasant |
| 2:59 | Peasant |
| 3:18 | Guard Tower |
| 3:23 | Scout Tower |
| 3:23 | Scout Tower |
| 4:20 | Guard Tower |
| 4:30 | Brilliance Aura |
| 4:43 | Town Hall |
| 4:47 | Scout Tower |
| 4:48 | Scout Tower |
| 4:48 | Scout Tower |
| 4:55 | Arcane Vault |
| 4:57 | Scout Tower |
| 4:58 | Scout Tower |
| 5:23 | Keep |
| 5:28 | Farm |
| 6:06 | Arcane Tower |
| 6:07 | Guard Tower |
| 6:07 | Guard Tower |
| 6:13 | Peasant |
| 6:13 | Peasant |
| 6:14 | Scout Tower |
| 6:15 | Scout Tower |
| 6:21 | Scout Tower |
| 6:21 | Scout Tower |
| 6:24 | Healing Salve |
| 6:32 | Scout Tower |
| 6:35 | Scout Tower |
| 6:36 | Scout Tower |
| 6:58 | Guard Tower |
| 7:05 | Boots of Speed |
| 7:06 | Staff of Teleportation |
| 7:30 | Guard Tower |
| 7:32 | Scout Tower |
| 7:33 | Scout Tower |
| 7:35 | Guard Tower |
| 7:37 | Arcane Vault |
| 7:39 | Peasant |
| 7:40 | Peasant |
| 7:44 | Improved Lumber Harvesting |
| 7:44 | Advanced Lumber Harvesting |
| 8:02 | Peasant |
| 8:06 | Advanced Masonry |
| 8:34 | Peasant |
| 8:38 | Castle |
| 8:46 | Scout Tower |
| 8:47 | Scout Tower |
| 9:05 | Guard Tower |
| 9:32 | Blizzard |
| 9:43 | Storm Bolt |
| 9:46 | Town Hall |
| 9:50 | Scout Tower |
| 9:51 | Scout Tower |
| 9:51 | Scout Tower |
| 9:52 | Scout Tower |
| 9:53 | Scout Tower |
| 9:53 | Scout Tower |
| 9:55 | Scout Tower |
| 9:55 | Scout Tower |
| 10:06 | Boots of Speed |
| 10:07 | Staff of Teleportation |
| 10:08 | Circlet of Nobility |
| 10:37 | Guard Tower |
| 10:38 | Scout Tower |
| 10:39 | Scout Tower |
| 10:40 | Arcane Tower |
| 10:41 | Guard Tower |
| 10:54 | Peasant |
| 11:12 | Arcane Sanctum |
| 11:14 | Peasant |
| 11:15 | Peasant |
| 11:48 | Guard Tower |
| 11:50 | Guard Tower |
| 11:52 | Peasant |
| 11:53 | Peasant |
| 11:53 | Peasant |
| 12:00 | Peasant |
| 12:02 | Guard Tower |
| 12:06 | Holy Light |
| 12:07 | Scroll of Regeneration |
| 12:14 | Orb of Fire |
| 12:21 | Guard Tower |
| 12:23 | Peasant |
| 12:23 | Peasant |
| 12:23 | Peasant |
| 12:29 | Arcane Vault |
| 12:31 | Arcane Vault |
| 12:32 | Scout Tower |
| 12:32 | Scout Tower |
| 12:50 | Boots of Speed |
| 12:50 | Staff of Teleportation |
| 12:50 | Circlet of Nobility |
| 13:37 | Imbued Masonry |
| 13:38 | Magic Sentry |
| 13:39 | Priest |
| 13:44 | Guard Tower |
| 13:46 | Scout Tower |
| 13:46 | Scout Tower |
| 14:27 | Guard Tower |
| 14:28 | Scout Tower |
| 14:29 | Scout Tower |
| 14:47 | Guard Tower |
| 14:56 | Scroll of Regeneration |
| 15:01 | Staff of Sanctuary |
| 15:10 | Guard Tower |
| 15:29 | Guard Tower |
| 15:31 | Scout Tower |
| 15:32 | Scout Tower |
| 15:41 | Orb of Lightning |
| 15:45 | Staff of Sanctuary |
| 15:46 | Scroll of Regeneration |
| 16:11 | Bash |
| 16:23 | Divine Shield |
| 17:18 | Town Hall |
| 17:28 | Guard Tower |
| 17:30 | Scout Tower |
| 17:30 | Scout Tower |
| 17:40 | Scout Tower |
| 18:34 | Brilliance Aura |
| 19:31 | Storm Bolt |
| 19:58 | Town Hall |
| 20:02 | Guard Tower |
| 20:06 | Town Hall |
| 20:07 | Guard Tower |
| 20:20 | Staff of Sanctuary |
| 20:33 | Orb of Lightning |
| 21:20 | Peasant |
| 21:20 | Peasant |
| 21:20 | Peasant |
| 21:20 | Peasant |
| 21:25 | Holy Light |
| 24:15 | Bash |
| 26:14 | Divine Shield |
| 26:40 | Scout Tower |
| 26:41 | Scout Tower |
| 26:41 | Scout Tower |
| 26:45 | Scout Tower |
| 26:45 | Scout Tower |
| 26:46 | Scout Tower |
| 26:47 | Scout Tower |
| 26:47 | Scout Tower |
| 26:48 | Scout Tower |
| 27:03 | Blizzard |
| 27:37 | Guard Tower |
| 27:39 | Guard Tower |
| 27:41 | Scout Tower |
| 27:41 | Scout Tower |
| 27:42 | Scout Tower |
| 27:43 | Scout Tower |
| 29:08 | Town Hall |
| Right click | 1694 |
| Select group | 1292 |
| Assign group | 485 |
| Select | 349 |
| Chat | 283 |
| Build/train/purchase | 136 |
| Use ability | 129 |
| Misc. action | 38 |
| Item give/drop | 3 |
| Minimap ping | 1 |
⇛